 Dungeon Crawl Stone Soup version 0.30-a0-743-gbfdf073431 (webtiles) character file.

Game seed: 11239359870127828320

346 NinjaNoafa the Ducker (level 7, -4/90 HPs)
             Began as a Meteoran Monk on Feb 6, 2023.
             Slain by Duvessa
             ... wielding a +0 short sword
              (8 damage)
             ... on level 4 of the Dungeon.
             The game lasted 00:15:12 (1840 turns).

NinjaNoafa the Ducker (Meteoran Monk)               Turns: 1840, Time: 00:15:13

Health: -4/90      AC:  4    Str: 13    XL:     7   Next: 14%
Magic:  18/21      EV: 14    Int: 13    God:
Gold:   198        SH:  0    Dex: 17    Spells: 10/11 levels left

rFire   . . .      SeeInvis .    y - +0 great sword
rCold   . . .      Faith    .    (shield currently unavailable)
rNeg    . . .      Spirit   .    b - +0 robe
rPois   .          Reflect  .    s - +0 helmet
rElec   .          Harm     .    (no cloak)
rCorr   .          Rampage  .    w - +0 pair of gloves
Will    .....                    (no boots) Stlth
                                 f - amulet of the acrobat
HPRegen 0.35/turn                e - ring of magical power
MPRegen 0.17/turn                (no ring)

@: berserking, glowing, very quick
A: sense surroundings 1, otherworldly, glowing, explore regen
a: no special abilities


You were on level 4 of the Dungeon.
You visited 1 branch of the dungeon, and saw 4 of its levels.
You also visited: Sewer.

You collected 198 gold pieces.

Inventory:

Hand Weapons
 a - a +0 falchion
 v - a +2 short sword of venom
 y - a +0 great sword (weapon)
Missiles
 g - 2 poisoned darts
Armour
 b - a +0 robe (worn)
 s - a +0 helmet (worn)
 w - a +0 pair of gloves (worn)
Jewellery
 e - a ring of magical power (left hand)
 f - an amulet of the acrobat (around neck)
Scrolls
 d - a scroll of immolation {unknown}
 h - 5 scrolls of identify {unknown}
 i - a scroll of summoning {unknown}
 j - a scroll of amnesia {unknown}
 o - a scroll of enchant armour {unknown}
 q - a scroll of vulnerability {unknown}
 r - a scroll of fear {unknown}
 t - a scroll of brand weapon {unknown}
 u - a scroll of teleportation {unknown}
 x - a scroll of fog {unknown}
Potions
 l - 2 potions of attraction {unknown}
 m - a potion of invisibility {unknown}
 n - a potion of cancellation {unknown}
 p - 2 potions of heal wounds {unknown}
 z - a potion of brilliance {unknown}
 A - 2 potions of degeneration {unknown}
Miscellaneous
 c - a condenser vane


   Skills:
 + Level 4.5 Fighting
 + Level 4.6 Long Blades
 + Level 5.0 Dodging
 - Level 1.4 Stealth
 + Level 2.9 Spellcasting
 + Level 3.8 Conjurations


You had 10 spell levels left.
You knew the following spells:

 Your Spells              Type           Power      Damage    Failure   Level
a - Magic Dart            Conj           44%        1d5       4%          1

Your spell library contained the following spells:

 Spells                   Type           Power      Damage    Failure   Level
 Call Imp                 Summ           1%         N/A       34%         2
 Mephitic Cloud           Conj/Pois/Air  5%         N/A       38%         3


Dungeon Overview and Level Annotations

Branches:
Dungeon (4/15) Zot: 899     Sewer (visited)
 Temple: D:4-7

Altars:

Shops:
D:1 !   D:3 :

Annotations:
D:4 1 runed translucent door, Crazy Yiuf, Duvessa


Innate Abilities, Weirdness & Mutations

You passively map a small area around you.
You are easily found by Zot.
You glow in the dark.
You regain HP and MP as you explore.


Message History

Dowan is heavily wounded.
The magic dart hits Dowan.
Dowan is severely wounded.
Dowan casts a spell at you. The puff of frost misses you.
The magic dart hits Dowan but does no damage.
Dowan is severely wounded.
The magic dart hits Dowan.
Dowan is almost dead.
The magic dart hits Dowan.
You kill Dowan!
You hear a distant scream of rage.
Your Dodging skill increases to level 5!
You have reached level 7!
Duvessa, Sister of Dowan comes into view.
She is wielding a +0 short sword and carrying a wand of flame (15).
Okay, then.
Duvessa shouts!
Duvessa goes berserk!
Duvessa completely misses you.
You slash Duvessa!
Duvessa is moderately wounded.
Duvessa hits you with a +0 short sword! Duvessa hits you with a +0 short sword.
Duvessa closely misses you.
You slash Duvessa!
Duvessa is heavily wounded.
Duvessa barely misses you. Duvessa hits you with a +0 short sword.
You barely miss Duvessa.
Duvessa is heavily wounded.
Duvessa hits you with a +0 short sword! x2
* * * LOW HITPOINT WARNING * * *
You slash Duvessa!
Duvessa is heavily wounded.
Duvessa hits you with a +0 short sword!
* * * LOW HITPOINT WARNING * * *
Duvessa hits you with a +0 short sword.
* * * LOW HITPOINT WARNING * * *
A red film seems to cover your vision as you go berserk!
You feel yourself moving faster!
You feel mighty! Duvessa barely misses you.
Duvessa hits you with a +0 short sword!
You die...

............>.. ,
e....)..$...# * *
#..).......#
#..........###
####.........#
#####........#### *
#......).........,
#............####
#####
#.....#...@e...#
....#
#.....####.###.#
....#
#............#,# *
....# #....##....#.#
....###....#..####.#
* ..........(..##
#.#, ......[.....##
#.# .............#
#.# * )............#
#..


You could see Duvessa (berserk).

Vanquished Creatures
  2 bullfrogs (Sewer)
  Dowan (D:4)
  11 adders
  2 river rats (D:4)
  2 orcs (D:4)
  5 ball pythons
  5 giant cockroaches (Sewer)
  2 goblins
  4 hobgoblins
  3 kobolds
  7 quokkas
  10 frilled lizards (Sewer)
  8 rats
62 creatures vanquished.

Notes
Turn   | Place    | Note
-------+----------+-------------------------------------------
     0 | D:1      | NinjaNoafa the Meteoran Monk began the quest for the Orb.
     0 | D:1      | Reached XP level 1. HP: 19/19 MP: 2/2
   190 | D:1      | Found Abra's Distillery.
   226 | D:1      | Reached XP level 2. HP: 21/26 MP: 3/3
   291 | D:1      | Found a faded altar of an unknown god.
   380 | D:2      | Reached skill level 4 in Dodging
   710 | D:3      | Learned a level 1 spell: Magic Dart
   916 | D:3      | Found Hoto's Book Boutique.
  1031 | D:4      | Reached skill level 1 in Conjurations
  1031 | D:4      | Reached XP level 3. HP: 14/33 MP: 4/4
  1065 | D:4      | Reached XP level 4. HP: 20/40 MP: 6/6
  1070 | D:4      | Reached skill level 1 in Spellcasting
  1073 | D:4      | HP: 2/40 [poisoned by an adder]
  1075 | D:4      | Found a glowing drain.
  1082 | Sewer    | Entered a sewer
  1170 | Sewer    | Reached XP level 5. HP: 27/46 MP: 8/8
  1432 | Sewer    | Noticed a bullfrog
  1441 | Sewer    | Killed a bullfrog
  1442 | Sewer    | Reached XP level 6. HP: 43/52 MP: 10/10
  1669 | D:4      | Found a runed translucent door.
  1670 | D:4      | Noticed Crazy Yiuf
  1796 | D:4      | Noticed Dowan
  1813 | D:4      | Killed Dowan
  1814 | D:4      | Reached skill level 5 in Dodging
  1814 | D:4      | Reached XP level 7. HP: 51/60 MP: 11/12
  1814 | D:4      | Noticed Duvessa
  1839 | D:4      | HP: 2/60 [Duvessa/+0 short sword (6)]
  1840 | D:4      | Slain by Duvessa

Illustrated notes

Levels and vault maps discovered:
D:1:      dpeg_arrival_more_subterranean_lakeside_camping, layout_basic,
          shapermc_ecumenical_altar_totnotflames, serial_shops, shop,
          grunt_decor_fettered, minmay_tetromino_s2
D:2:      layout_basic
D:3:      layout_basic, serial_shops, shop
D:4:      layout_basic, lightli_sewer_entry_pipes, uniq_crazy_yiuf_cottage,
          uniq_duvessa

Skill      XL: |  1  2  3  4  5  6 |
---------------+-------------------+-----
Dodging        | 4 5 |  5.0
Conjurations   | 1 2 3 |  3.8
Spellcasting   | 1 2 |  2.9
Fighting       | 4 |  4.5
Long Blades    | 4 |  4.6
Stealth        | |  1.4

Action                     |  1- 3 |  4- 6 |  7- 9 || total
---------------------------+-------+-------+-------++-------
  Melee: Falchion          |    63 |   130 |       ||   193
         Short sword       |       |     5 |       ||     5
         Punch             |       |     1 |       ||     1
         Great sword       |       |       |     4 ||     4
   Cast: Magic Dart        |     4 |    87 |       ||    91
    Use: Potion            |     4 |       |     1 ||     5
 Armour: Robe              |    11 |    35 |       ||    46
  Dodge: Dodged            |    42 |   151 |     4 ||   197

Table legend: (Time is in decaauts)
 A = Elapsed time spent in this place.
 B = Non-inter-level travel time spent in this place.
 C = Inter-level travel time spent in this place.
 D = Time resting spent in this place.
 E = Time spent auto-exploring this place.
 F = Levels seen in this place.
 G = Mean time per level.
                   A        B        C        D        E       F      G
               +--------+--------+--------+--------+--------+-----+--------+
         Total |   1958 |   1840 |    118 |      0 |    448 |   5 |  391.6 |
       Dungeon |   1499 |   1381 |    118 |      0 |    433 |   4 |  374.8 |
         Sewer |    458 |    458 |      0 |      0 |     15 |   1 |  458.0 |
               +--------+--------+--------+--------+--------+-----+--------+

Top non-repeatable levels by time:
     D:4: 482 daAuts
   Sewer: 458 daAuts
     D:1: 359 daAuts
     D:3: 332 daAuts
     D:2: 325 daAuts
